 Dungeon Crawl Stone Soup version 0.29-a0-617-g7a6b98fccd (webtiles) character file.

Game seed: 9139636620451566929

84 xian the Grave Robber (level 4, -2/30 HPs)
             Began as a Vampire Necromancer on June 17, 2022.
             Killed from afar by an orc wizard (11 damage)
             ... with a puff of flame
             ... on level 2 of the Dungeon.
             The game lasted 00:12:26 (1916 turns).

xian the Grave Robber (Vampire Necromancer)         Turns: 1916, Time: 00:12:26

Health: -2/30      AC:  5    Str:  7    XL:     4   Next: 24%
Magic:  8/8        EV: 12    Int: 19    God:
Gold:   76         SH:  0    Dex: 14    Spells: 4/8 levels left

rFire   . . .      SeeInvis +   l - +0 war axe
rCold   . . .      Faith    .   (no shield)
rNeg    . . .      Spirit   .   a - +0 robe
rPois   .          Reflect  .   e - +1 helmet
rElec   .          Harm     .   h - +0 cloak
rCorr   .          Rampage  .   (no gloves)
Will    .....                   (no boots)
Stlth   ++........              i - amulet of magic regeneration
HPRegen 0.30/turn               (no ring)
MPRegen 0.51/turn               (no ring)

@: healing quickly
A: alive, fangs 3, see invisible, vampiric 2
a: Exsanguinate


You were on level 2 of the Dungeon.
You visited 1 branch of the dungeon, and saw 3 of its levels.

You collected 122 gold pieces.
You spent 46 gold pieces at shops.

Inventory:

Hand Weapons
 l - a +0 war axe (weapon)
Missiles
 f - 5 poisoned darts
 p - a throwing net
Armour
 a - a +0 robe (worn)
 e - a +1 helmet (worn)
 h - a +0 cloak (worn)
 n - an orb of light
Jewellery
 i - an amulet of magic regeneration (around neck)
 o - an amulet of the acrobat
Potions
 b - a potion of magic
 c - a potion of heal wounds {unknown}
 d - 3 potions of curing
 g - a potion of might {unknown}
 j - a potion of flight {unknown}
 k - a potion of cancellation {unknown}
 m - a potion of invisibility {unknown}


   Skills:
 + Level 0.2 Axes
 + Level 2.3 Dodging
 + Level 3.0 Stealth
 + Level 2.9 Spellcasting
 + Level 5.6 Necromancy


You had 4 spell levels left.
You knew the following spells:

 Your Spells              Type           Power      Damage    Failure   Level
a - Necrotize             Necr           96%        1d8       1%          1
b - Vampiric Draining     Necr           24%        2d7       4%          3

Your spell library contained the following spells:

 Spells                   Type           Power      Damage    Failure   Level
 Beastly Appendage        Tmut           4%         N/A       16%         1
 Animate Dead             Necr           24%        N/A       16%         4
 Wereblood                Tmut           2%         N/A       24%         2
 Spider Form              Tmut/Pois      2%         N/A       43%         3
 Agony                    Necr           24%        N/A       38%         5


Dungeon Overview and Level Annotations

Branches:
Dungeon (3/15)

Altars:
Ru

Shops:
D:1 (*:[

Annotations:
D:1 Unique Armor


Innate Abilities, Weirdness & Mutations

Your natural rate of healing is accelerated.
You have razor-sharp teeth.
You have supernaturally acute eyesight. (SInv)
You are afflicted with vampirism and can become a bat while bloodless.


Message History

You are too injured to fight recklessly!
You are too injured to fight recklessly!
You are too injured to fight recklessly!
You're too confused to cast spells.
Unknown command.
You're too confused to cast spells.
Unknown command.
You're too confused to cast spells.
Unknown command.
You closely miss the orc wizard.
The orc wizard is moderately wounded.
You feel less confused.
The orc wizard hits you but does no damage.
You barely miss the orc wizard.
You bite the orc wizard, but do no damage.
The orc wizard is moderately wounded.
The orc wizard hits you with a +0 dagger.
The orc wizard hits you but does no damage.
You hit the orc wizard.
The orc wizard is heavily wounded.
The orc wizard hits you with a +0 dagger.
* * * LOW HITPOINT WARNING * * *
You completely miss the orc wizard.
The orc wizard is heavily wounded.
The orc wizard closely misses you.
The orc wizard points at you and mumbles some strange words.
You resist with some effort.
You barely miss the orc wizard.
The orc wizard is heavily wounded.
The orc wizard casts a spell at you. The magic dart hits you.
* * * LOW HITPOINT WARNING * * *
You barely miss the orc wizard.
The orc wizard is heavily wounded.
The orc wizard hits you but does no damage.
You barely miss the orc wizard.
The orc wizard is heavily wounded.
The orc wizard casts a spell at you. The puff of flame hits you!
You die...

._.............#..#.#########
.......###.#...#..#.##.#
...............#..#.##.#
..##...###.###.#..#....#
..##...# #.........###.#
..<....# #.###..#### #.#
...#.#.# #.# ##.## #.#
.......# #.# #o.#####.#
.#.#.##########.@....#.#
.#.#.............###.#.#
.#.#############.#<....#
...#...........#.###...#######
####.#######.###.# #.........#
#.# #.# #.# #..#.###### #.#
#.# #.###..#.#### #.# #.#
#......#....# #.# #.#
######.####.#


You could see an orc wizard (invisible).

Vanquished Creatures
  2 adders (D:2)
  A worm (D:2)
  2 dart slugs (D:2)
  3 bats
  2 endoplasms (D:2)
  7 giant cockroaches
  3 hobgoblins (D:2)
  4 kobolds
  4 ball pythons
  A frilled lizard (D:2)
  5 goblins
  8 rats
42 creatures vanquished.

Vanquished Creatures (collateral kills)
  An adder (D:2)
  A dart slug (D:2)
  An endoplasm (D:2)
  A ball python (D:1)
  A bat (D:2)
  A rat (D:2)
6 creatures vanquished.

Grand Total: 48 creatures vanquished

Notes
Turn   | Place    | Note
-------+----------+-------------------------------------------
     0 | D:1      | xian the Vampire Necromancer began the quest for the Orb.
     0 | D:1      | Reached XP level 1. HP: 13/13 MP: 3/3
   122 | D:1      | Found Gamosem's Book Emporium.
   143 | D:1      | Found Ovuifao's Assorted Antiques.
   182 | D:1      | Found Retuh's Weapon Emporium.
   186 | D:1      | Reached XP level 2. HP: 19/19 MP: 3/5
   352 | D:1      | Found a faded altar of an unknown god.
   398 | D:1      | Reached skill level 5 in Necromancy
   415 | D:1      | Found Poemn's Armour Emporium.
   699 | D:1      | Bought a scroll labelled LIWKYELU ODGHUO for 23 gold pieces
   699 | D:1      | Bought a scroll labelled PUTWOO ELYNIL for 23 gold pieces
   766 | D:2      | Found a sacrificial altar of Ru.
  1242 | D:2      | Gained mutation: You are afflicted with vampirism and can
                  | become a bat while bloodless. [Vampire growth]
  1242 | D:2      | Reached XP level 3. HP: 24/24 MP: 3/6
  1246 | D:2      | Learned a level 3 spell: Vampiric Draining
  1364 | D:2      | Reached XP level 4. HP: 28/30 MP: 3/8
  1916 | D:2      | Killed from afar by an orc wizard

Illustrated notes

Levels and vault maps discovered:
D:1:      scummos_arrival_star, layout_rooms, basic_ecumenical_altar,
          serial_shops, shop, shop, shop_statue, nicolae_shop_statue_plus,
          chequers_serial_rivers_micro_a, minmay_worlds_worst_comb
D:2:      minmay_thinvault, layout_basic, basic_altar
D:3:      layout_rooms, grunt_gozag_statues, makhleb_altar_promises_db

Skill      XL: |  1  2 |
---------------+-------+-----
Necromancy     | 5 |  5.6
Axes           | |  0.2
Dodging        | |  2.3
Stealth        | |  3.0
Spellcasting   | |  2.9

Action                   |  1- 3 |  4- 6 || total
-------------------------+-------+-------++-------
Melee: Unarmed           |    24 |       ||    24
       Bite              |     3 |     1 ||     4
       War axe           |     7 |    19 ||    26
 Cast: Necrotize         |    53 |    19 ||    72
       Vampiric Draining |     2 |       ||     2
  Use: Scroll            |     5 |     2 ||     7
Armor: Robe              |    23 |    19 ||    42
Dodge: Dodged            |    49 |    22 ||    71

Table legend: (Time is in decaauts)
 A = Elapsed time spent in this place.
 B = Non-inter-level travel time spent in this place.
 C = Inter-level travel time spent in this place.
 D = Time resting spent in this place.
 E = Time spent auto-exploring this place.
 F = Levels seen in this place.
 G = Mean time per level.
                   A        B        C        D        E       F      G
               +--------+--------+--------+--------+--------+-----+--------+
         Total |   1928 |   1837 |     91 |      0 |   1126 |   3 |  642.7 |
       Dungeon |   1928 |   1837 |     91 |      0 |   1126 |   3 |  642.7 |
               +--------+--------+--------+--------+--------+-----+--------+

Top non-repeatable levels by time:
     D:2: 1204 daAuts
     D:1: 705 daAuts
     D:3: 18 daAuts
